 Dungeon Crawl Stone Soup version 0.29.0-4-gdea44cf6ec (webtiles) character file.

Game seed: 6435358831829340209

252 qw the Chopper (level 6, 0/35 HPs)
             Began as a Tengu Warper on Aug 28, 2022.
             Slain by a hound (2 damage)
             ... on level 4 of the Dungeon.
             The game lasted 00:00:50 (3944 turns).

qw the Chopper (Tengu Warper)                       Turns: 3944, Time: 00:00:50

Health: 0/35       AC:  6    Str: 13    XL:     6   Next: 14%
Magic:  10/10      EV: 13    Int: 14    God:
Gold:   160        SH:  0    Dex: 13    Spells: 9/9 levels left

rFire   . . .      SeeInvis .   Y - +0 war axe
rCold   . . .      Faith    .   (no shield)
rNeg    . . .      Spirit   .   n - +0 ring mail
rPois   .          Reflect  .   (helmet restricted)
rElec   .          Harm     .   a - +0 cloak
rCorr   .          Rampage  .   (no gloves)
Will    .....                   (boots unavailable)
Stlth   +.........              (no amulet)
HPRegen 0.11/turn               (no ring)
MPRegen 0.12/turn               (no ring)

@: about to teleport, flying quickly and evasively, quick
A: beak, talons 3, nimble flight
a: no special abilities


You were on level 4 of the Dungeon.
You visited 1 branch of the dungeon, and saw 4 of its levels.

You collected 205 gold pieces.
You spent 45 gold pieces at shops.


Innate Abilities, Weirdness & Mutations

You have a beak for a mouth.
You have claws for feet.
Your magical nature lets you fly swiftly and evasively.


   Skills:
 - Level 2.0 Fighting
 + Level 6.9 Axes
 - Level 1.0 Throwing
 - Level 1.1 Armour
 - Level 2.1 Dodging
 - Level 2.0 Spellcasting
 - Level 2.4 Translocations


You had 9 spell levels left.
You didn't know any spells.
Your spell library contained the following spells:

 Spells                   Type           Power      Damage    Failure   Level
 Blink                    Tloc           16%        N/A       28%         2
 Gell's Gravitas          Tloc           8%         N/A       50%         3
 Lesser Beckoning         Tloc           8%         N/A       50%         3
 Teleport Other           Tloc           8%         N/A       50%         3
 Manifold Assault         Tloc           8%         N/A       99%         5

Inventory:

Hand Weapons
 h - the +8 hammer "Bolahaot" {flame, rPois rN+}
   (You found it on level 4 of the Dungeon)

   It burns those it strikes, dealing additional fire damage.
   rPois:     It protects you from poison.
   rN:        It protects you from negative energy.
 m - the +8 hammer "Death Rattle" {elec, rPois rF- Stlth+}
   (You found it on level 4 of the Dungeon)

   It occasionally discharges a powerful burst of electricity upon striking a
   foe.
   rF:        It makes you vulnerable to fire.
   rPois:     It protects you from poison.
   Stlth:     It makes you more stealthy.
 o - the +1 hammer "Ymas Qiu" {spect, Will+}
   (You found it on level 4 of the Dungeon)

   When its wielder attacks, the weapon's spirit leaps out and strikes again.
   The spirit shares a part of any damage it takes with its wielder.
   Will:      It increases your willpower.
 Y - a +0 war axe (weapon)
Missiles
 j - a boomerang (quivered)
Armour
 a - a +0 cloak (worn)
 n - a +0 ring mail (worn)
Scrolls
 b - a scroll of teleportation
 c - a scroll of magic mapping {unknown}
 i - a scroll of identify
Potions
 d - a potion of cancellation {unknown}
 e - 2 potions of curing
 f - a potion of brilliance {unknown}
 g - a potion of attraction {unknown}
 k - a potion of lignification {unknown}
 l - a potion of degeneration {unknown}

Dungeon Overview and Level Annotations

Branches:
Dungeon (4/15)
 Temple: D:4-7

Altars:
Gozag
Trog
Yredelemnul

Shops:
D:1 !   D:2 [   D:3 [

Annotations:
D:4 2 transporters, 1 runed translucent door, Crazy Yiuf


Message History

You kill the endoplasm!
The gnoll hits you from afar with a +0 spear.
The gnoll barely misses you.
You closely miss the gnoll. The gnoll hits you with a +0 spear!
The gnoll misses you. The gnoll hits you but does no damage.
The gnoll hits you with a +0 spear.
You slash the gnoll!
The gnoll is almost dead.
The gnoll hits you but does no damage. The gnoll barely misses you.
You hit the gnoll but do no damage.
The gnoll is almost dead.
The gnoll closely misses you.
The gnoll hits you from afar with a +0 halberd.
You hit the gnoll.
You kill the gnoll!
The gnoll barely misses you.
A gnoll and a hound come into view.
The gnoll shouts!
The hound barks!
You hear a shout!
The gnoll hits you from afar with a +0 spear.
The gnoll misses you.
Things that are here:
a +0 spear; a gnoll corpse You hit the gnoll.
Your kick misses the gnoll.
The gnoll is heavily wounded.
The gnoll hits you from afar with a +0 spear.
The gnoll closely misses you. The hound closely misses you.
3942 ||| READING 2 scrolls of teleportation.
As you read the scroll of teleportation, it crumbles to dust.
You feel strangely unstable. The hound barely misses you.
The gnoll barely misses you. The gnoll hits you with a +0 halberd.
You hit the gnoll but do no damage. You claw the gnoll!
You kill the gnoll!
You hit the hound. The hound bites you.
The gnoll throws a throwing net.
The throwing net closely misses you. The hound barely misses you.
You barely miss the hound. Your kick misses the hound.
The hound is lightly wounded.
The hound bites you.
You die...

..#......# /^#^.....#
..#..#...# ###
P8#.##...###.###
###.+..........#
....#..........#
#...#........<.#
##..###'#############...
.#..##..#######(@)g.....
.#..............#h......
.'..............+g......
.#####..###.###.#......[
....#######.###.#####...
....#........#... ..
....+..(.....#.... .
....##############+
......


You could see a hound and 2 gnolls.

Vanquished Creatures
  An ogre (D:4)
  An orc priest (D:3)
  2 gnolls (D:4)
  4 adders
  A dart slug (D:3)
  4 orcs (D:3)
  4 ball pythons
  5 endoplasms
  4 giant cockroaches
  9 goblins
  4 hobgoblins
  5 quokkas
  5 bats
  6 frilled lizards
  8 kobolds
  3 rats
66 creatures vanquished.

Vanquished Creatures (others)
  A wizard (D:3)
1 creature vanquished.

Grand Total: 67 creatures vanquished

Notes
Turn   | Place    | Note
-------+----------+-------------------------------------------
     0 | D:1      | qw the Tengu Warper began the quest for the Orb.
     0 | D:1      | Reached XP level 1. HP: 12/12 MP: 4/4
     0 | D:1      | 0 ||| qw: Version: 0.1-a-89-g26bdef1
     0 | D:1      | 0 ||| qw: Game counter: 3205
     0 | D:1      | 0 ||| qw: Always use a shield: true
     0 | D:1      | 0 ||| qw: God list: Okawaru
     0 | D:1      | 0 ||| qw: Allow faded altars: false
     0 | D:1      | 0 ||| qw: Do Orc after D:15 true
     0 | D:1      | 0 ||| qw: Do second Lair branch before Depths: true
     0 | D:1      | 0 ||| qw: Lair rune preference: random
     0 | D:1      | 0 ||| qw: Plans: Normal
     0 | D:1      | 0 ||| PLANNING D:1-11
   110 | D:1      | Reached XP level 2. HP: 8/17 MP: 6/6
   295 | D:1      | Reached skill level 3 in Axes
   390 | D:1      | 390 ||| DROPPING +0 club.
   450 | D:1      | 450 ||| Stepping ~*~*~tactically~*~*~ (stealth).
   641 | D:1      | Reached XP level 3. HP: 15/21 MP: 7/7
   731 | D:1      | Found Gezou's Distillery.
   736 | D:1      | 736 ||| SHOPLISTING potion of curing (33 gold, have 25).
   736 | D:1      | 736 ||| SHOPLISTING potion of might (44 gold, have 25).
   736 | D:1      | 736 ||| SHOPLISTING potion of mutation (88 gold, have 25).
   736 | D:1      | 736 ||| SHOPLISTING potion of resistance (110 gold, have
                  | 25).
   972 | D:1      | 972 ||| READING scroll labelled VUWOETEHEP.
   973 | D:1      | 973 ||| READING 2 scrolls labelled ALECKUFRUME.
   974 | D:1      | 974 ||| READING scroll labelled SUWIEFE ZOGEUK.
   975 | D:1      | 975 ||| DROPPING scroll of blinking.
   976 | D:1      | 976 ||| DROPPING scroll of immolation.
   977 | D:1      | 977 ||| Stepping randomly (stuck).
   978 | D:1      | 978 ||| Stepping ~*~*~tactically~*~*~ (cloud).
  1165 | D:2      | Found Widaolax's Armour Emporium.
  1177 | D:2      | 1177 ||| BUYING +0 cloak (45 gold).
  1177 | D:2      | Bought a +0 cloak for 45 gold pieces
  1177 | D:2      | 1177 ||| SHOPLISTING +0 ring mail (40 gold, have 7).
  1177 | D:2      | 1177 ||| SHOPLISTING +0 ring mail of the Swamp {Contam
                  | Will++ SInv Stlth+} (264 gold, have 7).
  1177 | D:2      | 1177 ||| SHOPLISTING +0 scale mail (40 gold, have 7).
  1177 | D:2      | 1177 ||| SHOPLISTING +1 hat (110 gold, have 7).
  1177 | D:2      | 1177 ||| SHOPLISTING +2 scale mail of fire resistance (210
                  | gold, have 7).
  1177 | D:2      | 1177 ||| SHOPLISTING +3 plate armour of poison resistance
                  | (420 gold, have 7).
  1374 | D:2      | Reached skill level 4 in Axes
  1975 | D:2      | 1975 ||| UPGRADING to +0 cloak.
  1980 | D:2      | 1980 ||| READING scroll labelled NYONEO OCAXAZE.
  1985 | D:2      | 1985 ||| READING scroll labelled XAHETZ BAOVOQ.
  2112 | D:2      | 2112 ||| DRINKING 2 murky amethyst potions.
  2329 | D:3      | Found Ereohang's Armour Shop.
  2377 | D:3      | Reached XP level 4. HP: 26/26 MP: 8/8
  2379 | D:3      | 2379 ||| SHOPLISTING +0 buckler (63 gold, have 38).
  2379 | D:3      | 2379 ||| SHOPLISTING +0 ring mail (56 gold, have 38).
  2379 | D:3      | 2379 ||| SHOPLISTING +0 ring mail "Uguofy" {Int+3} (242
                  | gold, have 38).
  2379 | D:3      | 2379 ||| SHOPLISTING +1 robe of willpower (177 gold, have
                  | 38).
  2379 | D:3      | 2379 ||| SHOPLISTING +9 plate armour "Nusus" {Fly Will+
                  | Str+2 Dex-5} (1069 gold, have 38).
  2485 | D:3      | 2485 ||| Stepping ~*~*~tactically~*~*~ (hiding).
  2596 | D:3      | Found an opulent altar of Gozag.
  2603 | D:3      | Found a basalt altar of Yredelemnul.
  2613 | D:3      | 2613 ||| Stepping ~*~*~tactically~*~*~ (hiding).
  2652 | D:3      | 2652 ||| Stepping ~*~*~tactically~*~*~ (stealth).
  2715 | D:3      | Found a bloodstained altar of Trog.
  2733 | D:3      | HP: 6/26 [orc/+0 war axe (9)]
  2736 | D:3      | Reached skill level 5 in Axes
  2747 | D:3      | HP: 2/26 [orc/+0 club (3)]
  2752 | D:3      | Gained mutation: Your magical nature lets you fly swiftly
                  | and evasively. [Tengu growth]
  2752 | D:3      | Reached XP level 5. HP: 3/30 MP: 9/9
  3039 | D:3      | 3039 ||| SWAPPING to +0 war axe.
  3040 | D:3      | 3040 ||| DROPPING +0 hand axe.
  3187 | D:3      | Noticed a wizard
  3192 | D:3      | Killed a wizard
  3386 | D:3      | 3386 ||| UPGRADING to +0 ring mail.
  3396 | D:3      | 3396 ||| DROPPING +0 leather armour.
  3397 | D:3      | 3397 ||| READING 3 scrolls labelled CEUTAK MIHULUO.
  3398 | D:3      | 3398 ||| DRINKING 2 fuming amethyst potions.
  3503 | D:3      | 3503 ||| DROPPING potion of berserk rage.
  3504 | D:3      | 3504 ||| DROPPING 2 scrolls of noise.
  3546 | D:4      | Noticed an ogre
  3550 | D:4      | Found a transporter.
  3561 | D:4      | Killed an ogre
  3562 | D:4      | Reached skill level 6 in Axes
  3601 | D:4      | Reached XP level 6. HP: 35/35 MP: 10/10
  3684 | D:4      | Found a transporter.
  3768 | D:4      | Found a runed translucent door.
  3771 | D:4      | 3771 ||| DROPPING +0 whip.
  3774 | D:4      | Noticed Crazy Yiuf
  3775 | D:4      | Identified the +8 hammer "Bolahaot" {flame, rPois rN+}
  3777 | D:4      | 3777 ||| DROPPING +2 hammer of holy wrath.
  3779 | D:4      | Identified the +8 hammer "Death Rattle" {elec, rPois rF-
                  | Stlth+}
  3783 | D:4      | 3783 ||| DROPPING +0 hammer of protection.
  3788 | D:4      | 3788 ||| DROPPING +1 hammer of protection.
  3797 | D:4      | 3797 ||| DROPPING +1 hammer of holy wrath.
  3798 | D:4      | Identified the +1 hammer "Ymas Qiu" {spect, Will+}
  3802 | D:4      | 3802 ||| DROPPING +1 hammer of protection.
  3805 | D:4      | 3805 ||| DROPPING +2 vorpal hammer.
  3815 | D:4      | 3815 ||| DROPPING +1 hammer of protection.
  3843 | D:4      | 3843 ||| DROPPING +4 hammer.
  3926 | D:4      | 3926 ||| Stepping ~*~*~tactically~*~*~ (hiding).
  3930 | D:4      | 3930 ||| Stepping ~*~*~tactically~*~*~ (hiding).
  3941 | D:4      | HP: 8/35 [gnoll/+0 spear (3)]
  3942 | D:4      | 3942 ||| READING 2 scrolls of teleportation.
  3942 | D:4      | HP: 3/35 [gnoll/+0 halberd (5)]
  3944 | D:4      | Slain by a hound

Levels and vault maps discovered:
D:1:      ncdulo_wetmaze, layout_loops_cross, serial_shops, shop,
          minmay_misc_feat_alley
D:2:      layout_basic, serial_shops, nicolae_diamond_shop
D:3:      layout_loops_ring, trog_wizard, mainiacjoe_overflow_catwalk_spiral,
          serial_shops, shop, kennysheep_generic_room_10
D:4:      gammafunk_steamed_eel, layout_gridville, serial_shops,
          nicolae_shop_trees, uniq_crazy_yiuf_cottage

Skill      XL: |  1  2  3  4  5 |
---------------+----------------+-----
Axes           | 3 4 5 6 |  6.9
Fighting       | |  2.0
Throwing       | |  1.0
Armour         | |  1.1
Dodging        | |  2.1
Spellcasting   | |  2.0
Translocations | |  2.4

Action                   |  1- 3 |  4- 6 || total
-------------------------+-------+-------++-------
Melee: Hand axe          |    82 |    39 ||   121
       Kick              |    16 |    18 ||    34
       Peck              |     7 |    12 ||    19
       Punch             |       |     1 ||     1
       War axe           |       |    32 ||    32
Throw: Boomerang         |     7 |    20 ||    27
  Use: Scroll            |     5 |     2 ||     7
       Potion            |     1 |     1 ||     2
Armor: Leather armour    |    22 |     4 ||    26
       Ring mail         |       |     5 ||     5
Dodge: Dodged            |    31 |    48 ||    79

Table legend:
 A = Non-vault XP
 B = Vault XP
 C = Vault XP percentage of total XP
 D = Non-vault monster count
 E = Vault monster count
 F = Vault count percentage of total count
                 A         B        C        D         E       F
            +---------+---------+-------+---------+---------+-------
      Total |     348 |      13 |   3.6 |      65 |       1 |   1.5
            +---------+---------+-------+---------+---------+-------
        D:1 |      41 |       0 |   0.0 |      23 |       0 |   0.0
        D:2 |      11 |       0 |   0.0 |       8 |       0 |   0.0
        D:3 |     110 |      13 |  10.6 |      23 |       1 |   4.2
        D:4 |     186 |       0 |   0.0 |      11 |       0 |   0.0
            +---------+---------+-------+---------+---------+-------
